 Dungeon Crawl Stone Soup version 0.31-a0-1010-g5322dac6a2 (webtiles) character file.

Game seed: 5688477082575074946

8 kae the Changeling (level 1, -1/15 HPs)
             Began as a Demigod Shapeshifter on Nov 16, 2023.
             Slain by a jackal (3 damage)
             ... on level 1 of the Dungeon.
             The game lasted 00:00:15 (367 turns).

kae the Changeling (Demigod Shapeshifter)            Turns: 367, Time: 00:00:15

Health: -1/15      AC:  2    Str: 15    XL:     1   Next: 80%
Magic:  3/3        EV: 12    Int: 12    God:
Gold:   20         SH:  0    Dex: 13    Spells: 0/0 levels left

rFire   . .          .
                       - Unarmed
rCold   . . .        (no shield)
rNeg    . . .        a - +0 animal skin
rPois   .            (helmet currently unavailable)
rElec   .            (cloak currently unavailable)
rCorr   .            (gloves currently unavailable)
SInv    .            (boots currently unavailable)
Will    .....        (no amulet)
Stlth   +            (no ring)
HPRegen 0.22/turn    (no ring)
MPRegen 0.08/turn

%: no passive effects
@: beast-form
A: beast (slay +1), high MP 1, forlorn, divine attributes
a: Begin Untransformation


You were on level 1 of the Dungeon.
You were a hulking beast.
You visited 1 branch of the dungeon, and saw 1 of its levels.

You collected 20 gold pieces.


Innate Abilities, Weirdness & Mutations

You are a hulking beast.
Your limbs bulge with bestial killing power. (Slay +1)
You have an increased reservoir of magic. (+10% MP)
You shall have no god before yourself.
Your divine heritage dramatically boosts your attributes as you level up.


   Skills:
 - Level 0.8 Fighting
 - Level 1.7 Dodging
 - Level 2.6 Unarmed Combat
 + Level 3.1 Shapeshifting


You couldn't memorise any spells.
You didn't know any spells.
Your spell library was empty.

Inventory:

Missiles
 f - 5 stones
Armour
 a - a +0 animal skin (worn)
Talismans
 c - a beast talisman
 d - a flux talisman
Scrolls
 e - a scroll of fear {unknown}
 g - a scroll of identify {unknown}
Potions
 b - a potion of lignification {!q}

Dungeon Overview and Level Annotations

Branches:
Dungeon (1/15) Zot: 5634

......#........
...............
...............
...............
........# .#..[.h.#
.##...#†# #+#
........####.#
####.....hh..#
#########.##
###...#####
#.........###
#.#.........#
#.##...##.#.#####.#
#.##..............#
#.##....#.#.#######
#.##......#.#


You could see a jackal.


Message History

The frilled lizard barely misses you.
A frilled lizard is nearby!
You hit the frilled lizard.
You kill the frilled lizard!
No target in view!
A hobgoblin comes into view.
The hobgoblin shouts!
You hear a bark! x4
You hit the hobgoblin. The hobgoblin closely misses you.
A hobgoblin is nearby!
You hit the hobgoblin.
You kill the hobgoblin!
No target in view!
You see here a hobgoblin corpse. 2 jackals come into view.
The jackal barks! x2
There are monsters nearby!
A jackal comes into view. x2
The jackal barely misses you.
You completely miss the jackal. The jackal bites you. 😕 HP[-2]
You take 2 damage, and now have 13/15 hp.
There are monsters nearby!
You barely miss the jackal. The jackal barely misses you.
You barely miss the jackal. The jackal bites you.
The jackal misses you. 😕 HP[-1]
You take 1 damage, and now have 12/15 hp.
There are monsters nearby!
You hit the jackal.
The jackal bites you but does no damage.
The jackal bites you.
You hit the jackal. The jackal bites you.
The jackal barely misses you. 😮 HP[-3]
You take 3 damage, and now have 9/15 hp.
There are monsters nearby!
You are too injured to fight recklessly!
You are too injured to fight recklessly!
You are too injured to fight recklessly!
You are too injured to fight recklessly!
Unknown command.
The jackal closely misses you. The jackal attacks as it pursues you!
The jackal closely misses you. The jackal bites you. 😮 HP[-1]
You take 1 damage, and now have 8/15 hp.
The jackal attacks as it pursues you! The jackal misses you.
You see here a hobgoblin corpse.
The jackal bites you.
* * * LOW HITPOINT WARNING * * *
😨 HP[-1]
You take 1 damage, and now have 7/15 hp.
The jackal attacks as it pursues you! The jackal misses you. 😮 HP[+1]
The jackal bites you.
* * * LOW HITPOINT WARNING * * *
😨 HP[-1]
You take 1 damage, and now have 7/15 hp.
You swing at nothing.
You hit the jackal but do no damage. The jackal barely misses you. 😮 HP[+1]
You closely miss the jackal. The jackal barely misses you.
The jackal closely misses you.
You hit the jackal. The jackal bites you.
* * * LOW HITPOINT WARNING * * *
You barely miss the jackal. The jackal closely misses you. 😨 HP[-2]
You take 2 damage, and now have 6/15 hp.
You hit the jackal.
You kill the jackal!
Your Shapeshifting skill increases to level 3!
You hit the jackal.
You kill the jackal! 😨 HP[+1]
You barely miss the jackal. The jackal closely misses you. x2
You hit the jackal.
You kill the jackal!
The jackal bites you but does no damage.
You barely miss the jackal.
The jackal bites you but does no damage.
You hit the jackal. The jackal bites you.
* * * LOW HITPOINT WARNING * * *
The jackal closely misses you.
You hit the jackal.
The jackal pauses to sniff the ground.
The jackal bites you.
* * * LOW HITPOINT WARNING * * *
😱 HP[-4]
You take 4 damage, and now have 3/15 hp.
MASSIVE DAMAGE!! (PAUSE)
You completely miss the jackal. The jackal completely misses you.
You hit the jackal but do no damage. The jackal barely misses you.
The jackal misses you.
You closely miss the jackal. The jackal barely misses you.
You closely miss the jackal. The jackal closely misses you.
Unknown command.
You closely miss the jackal. The jackal bites you.
* * * LOW HITPOINT WARNING * * *
😱 HP[-1]
You take 1 damage, and now have 2/15 hp.
You closely miss the jackal. The jackal closely misses you.
The jackal bites you.
You die...

Skill      XL: |  1 |
---------------+----+-----
Shapeshifting  | 3 |  3.1
Fighting       | |  0.8
Dodging        | |  1.7
Unarmed Combat | |  2.6

Action                     || total
---------------------------++-------
  Melee: Unarmed           ||    45
 Armour: Animal skin       ||    30
  Dodge: Dodged            ||    45

Levels and vault maps discovered:
D:1:      heliophobic_arrival_battle_scene, layout_loops_corners, serial_shops,
          nicolae_shop_bloodbath_and_beyond

Notes
Turn   | Place    | Note
-------+----------+-------------------------------------------
     0 | D:1      | kae the Demigod Shapeshifter began the quest for the Orb.
     0 | D:1      | Reached XP level 1. HP: 15/15 MP: 3/3
     0 | D:1      | magus.rc [v1.11.3]
   109 | D:1      | HP: 3/15 [kobold/+0 club (3)]
   356 | D:1      | Reached skill level 3 in Shapeshifting
   361 | D:1      | HP: 3/15 [jackal (3)]
   366 | D:1      | HP: 2/15 [jackal (2)]
   367 | D:1      | Slain by a jackal

Vanquished Creatures
  A bat (D:1)
  A hobgoblin (D:1)
  3 jackals (D:1)
  A frilled lizard (D:1)
  A kobold (D:1)
7 creatures vanquished.

Table legend:
 A = Non-vault XP
 B = Vault XP
 C = Vault XP percentage of total XP
 D = Non-vault monster count
 E = Vault monster count
 F = Vault count percentage of total count
                 A         B        C        D         E       F
            +---------+---------+-------+---------+---------+-------
      Total |      12 |       0 |   0.0 |       7 |       0 |   0.0
            +---------+---------+-------+---------+---------+-------
        D:1 |      12 |       0 |   0.0 |       7 |       0 |   0.0
            +---------+---------+-------+---------+---------+-------

Skill      XL: |  1 |
---------------+----+-----
Shapeshifting  | 3 |  3.1
Fighting       | |  0.8
Dodging        | |  1.7
Unarmed Combat | |  2.6

Action                     || total
---------------------------++-------
  Melee: Unarmed           ||    45
 Armour: Animal skin       ||    30
  Dodge: Dodged            ||    45

Illustrated notes

Table legend:
 A = Kills in this place as a percentage of kills in the entire game.
 B = Kills by you in this place as a percentage of kills by you in the entire game.
 C = Kills by friends in this place as a percentage of kills by friends in the entire game.
 D = Other kills in this place as a percentage of other kills in the entire game.
 E = Experience gained in this place as a percentage of experience gained in the entire game.
 F = Experience gained in this place divided by the number of levels of this place that you have seen.
                   A       B       C       D       E      F
               +-------+-------+-------+-------+-------+----------------------
         Total | 100.0 | 100.0 |   N/A |   N/A | 100.0 |  12.0
       Dungeon | 100.0 | 100.0 |   N/A |   N/A | 100.0 |  12.0
               +-------+-------+-------+-------+-------+----------------------

Table legend: (Time is in decaauts)
 A = Elapsed time spent in this place.
 B = Non-inter-level travel time spent in this place.
 C = Inter-level travel time spent in this place.
 D = Time resting spent in this place.
 E = Time spent auto-exploring this place.
 F = Levels seen in this place.
 G = Mean time per level.
                   A        B        C        D        E       F      G
               +--------+--------+--------+--------+--------+-----+--------+
         Total |    364 |    364 |      0 |     42 |    260 |   1 |  364.0 |
       Dungeon |    364 |    364 |      0 |     42 |    260 |   1 |  364.0 |
               +--------+--------+--------+--------+--------+-----+--------+

Top non-repeatable levels by time:
     D:1: 364 daAuts
